 Dungeon Crawl Stone Soup version 0.18.1-50-g88ac8fd (webtiles) character file.

2599 nikopol the Cleaver (level 9, 0/121 HPs)
             Began as a Minotaur Berserker on Sept 25, 2016.
             Was a High Priest of Trog.
             Succumbed to a killer bee's poison
             ... on level 7 of the Dungeon.
             The game lasted 00:11:29 (5845 turns).

nikopol the Cleaver (Minotaur Berserker)            Turns: 5845, Time: 00:11:29

Health: 0/121      AC: 10    Str: 27    XL:     9   Next: 33%
Magic:  8/8        EV: 13    Int:  4    God:    Trog [*****.]
Gold:   267        SH:  0    Dex: 13    Spells: 0 memorised, 8 levels left

rFire  . . .     SeeInvis .     a - +0 hand axe
rCold  . . .     Gourm    .     w - +0 scale mail
rNeg   . . .     Faith    .     (no shield)
rPois  .         Spirit   .     (helmet restricted)
rElec  .         Dismiss  .     p - +0 cloak
rCorr  .         Reflect  .     (no gloves)
SustAt .         Harm     +     x - +0 pair of boots
MR     .....                    q - amulet of harm
Stlth  ..........               (no ring)
                                (no ring)

@: berserking, lethally poisoned (0 -> -30), very quick, not resistant to
hostile enchantments, extremely unstealthy
A: retaliatory headbutt, horns 2
a: Berserk, Trog's Hand, Brothers in Arms, Burn Spellbooks, Renounce Religion


You were on level 7 of the Dungeon.
You worshipped Trog.
Trog was extremely pleased with you.
You were hungry.

You visited 1 branch of the dungeon, and saw 7 of its levels.

You collected 267 gold pieces.

Inventory:

Hand Weapons
 a - a +0 hand axe (weapon)
 z - a +0 shortbow
Missiles
 f - 98 arrows (quivered)
Armour
 p - a +0 cloak (worn)
 w - a +0 scale mail (worn)
 x - a +0 pair of boots (worn)
Jewellery
 q - an amulet of harm (around neck)
 E - an uncursed ring of see invisible {unknown}
Wands
 b - a wand of flame (10/48)
 s - a wand of acid (7/15)
 y - a wand of slowing (20/48)
Scrolls
 d - 2 scrolls of amnesia {unknown}
 e - a scroll of random uselessness {unknown}
 h - 3 scrolls of remove curse
 k - a scroll of magic mapping {unknown}
 o - a scroll of blinking {unknown}
 u - 3 scrolls of fog {unknown}
 C - a scroll of recharging {unknown}
Potions
 g - 2 potions of resistance
 i - 2 potions of curing
 m - 2 potions of cure mutation
 n - 2 potions of berserk rage
 r - 2 potions of flight
 t - 3 potions of ambrosia
 A - a potion of heal wounds
 B - a potion of mutation {unknown}
 D - a potion of degeneration {unknown}
Comestibles
 c - 7 bread rations
 j - a beef jerky
 l - 3 meat rations


   Skills:
 + Level 8.0 Fighting
 * Level 8.6 Axes
 * Level 4.9 Bows
 + Level 7.0 Armour
 + Level 6.5 Dodging


You had 8 spell levels left.
You didn't know any spells.

Dungeon Overview and Level Annotations

Branches:
Dungeon (7/15)             Temple (0/1) D:5

Altars:
Dithmenos
Gozag
Kikubaaqudgha
Makhleb
Nemelex Xobeh
Okawaru
Ru
Trog
Vehumet
Yredelemnul


Innate Abilities, Weirdness & Mutations

You reflexively headbutt those who attack you in melee.
You have a pair of horns on your head.


Message History

The killer bee stings you but does no damage.
The killer bee stings you.
* * * LOW HITPOINT WARNING * * *
The killer bee misses you. The killer bee closely misses you.
You furiously retaliate!
You headbutt the killer bee!
You kill the killer bee!
Trog accepts your kill.
Your Fighting skill increases to level 8!
The killer bee barely misses you. You furiously retaliate!
You headbutt the killer bee! You slash the killer bee!
You kill the killer bee!
Trog accepts your kill.
You hit the killer bee.
You kill the killer bee!
Trog accepts your kill.
* * * LOW HITPOINT WARNING * * *
You feel sick.
You are too berserk!
You die...

. ... .........
.#.. ....... .(..
..... #..# .(.
#(.# #'# #.####..#
#.# #....†(.#
#.#### #†#
########.##.. #@#
#...(...(.#.# #.#
#.####......#
#.####.#####......
#......†..##..#...
######.##.........
#.#####.##### #.#
#.# #.. ..# ###
####


There were no monsters in sight!

Vanquished Creatures
  Pikel (D:5)
  Grinder (D:3)
  An orc warrior (D:6)
  2 sky beasts
  2 slaves (D:5)
  A phantom (D:7)
  3 ogres
  2 centaurs
  A water moccasin zombie (D:6)
  A scorpion (D:6)
  5 killer bees (D:7)
  A crimson imp (D:5)
  2 giant frog zombies (D:5)
  3 orc priests (D:3)
  Crazy Yiuf (D:2)
  A jelly (D:5)
  A centaur skeleton (D:6)
  6 orc wizards
  A giant frog skeleton (D:6)
  2 iguanas
  Ijyb (D:3)
  3 worker ants
  2 worker ant zombies
  6 adders
  3 gnolls (D:7)
  A shadow imp (D:4)
  An adder zombie (D:5)
  An adder skeleton (D:6)
  3 worms
  4 giant geckos
  28 orcs
  7 bats
  10 giant cockroaches
  4 goblins
  6 hobgoblins
  10 jackals
  8 kobolds
  3 quokkas
  A ball python (D:2)
  A giant gecko skeleton (D:5)
  A giant gecko zombie (D:5)
  5 giant newts
  A quokka zombie (D:5)
  8 rats
156 creatures vanquished.

Notes
Turn   | Place    | Note
--------------------------------------------------------------
     0 | D:1      | nikopol the Minotaur Berserker began the quest for the Orb.
     0 | D:1      | Reached XP level 1. HP: 19/19 MP: 0/0
   104 | D:1      | Reached XP level 2. HP: 20/27 MP: 1/1
   323 | D:1      | Reached ** piety under Trog
   638 | D:2      | Found a burning altar of Makhleb.
   646 | D:2      | Found a radiant altar of Vehumet.
   663 | D:2      | Reached XP level 3. HP: 29/33 MP: 2/2
  1041 | D:2      | Found an iron altar of Okawaru.
  1042 | D:2      | Found a bloodstained altar of Trog.
  1158 | D:2      | Found an ancient bone altar of Kikubaaqudgha.
  1173 | D:2      | Found a basalt altar of Yredelemnul.
  1256 | D:2      | Noticed Crazy Yiuf
  1265 | D:2      | Killed Crazy Yiuf
  1265 | D:2      | Reached XP level 4. HP: 34/41 MP: 3/3
  1869 | D:3      | Reached XP level 5. HP: 37/47 MP: 4/4
  1978 | D:3      | Noticed Grinder
  1983 | D:3      | Killed Grinder
  1983 | D:3      | Reached skill level 5 in Fighting
  1983 | D:3      | Reached skill level 5 in Axes
  1983 | D:3      | Reached XP level 6. HP: 50/56 MP: 5/5
  1986 | D:3      | Reached *** piety under Trog
  2154 | D:3      | Found a sacrificial altar of Ru.
  2555 | D:3      | Found a faded altar to an unknown god.
  2558 | D:3      | Reached XP level 7. HP: 56/62 MP: 6/6
  2836 | D:3      | Reached skill level 5 in Armour
  2892 | D:3      | Noticed Ijyb
  2903 | D:3      | Killed Ijyb
  2975 | D:4      | Reached **** piety under Trog
  2975 | D:4      | Reached skill level 5 in Dodging
  3057 | D:4      | Found a shadowy altar of Dithmenos.
  3312 | D:4      | Found a sparkling altar of Nemelex Xobeh.
  3312 | D:4      | Found an opulent altar of Gozag.
  3418 | D:5      | Entered Level 5 of the Dungeon
  3786 | D:5      | Found a staircase to the Ecumenical Temple.
  3861 | D:5      | Reached XP level 8. HP: 48/71 MP: 7/7
  3877 | D:5      | Reached skill level 1 in Bows
  4215 | D:5      | Got an iridescent trident
  4216 | D:5      | Lost intelligence.
  4216 | D:5      | Identified the cursed +1 trident "Hist" {venom, +Rage rElec rPois rN++ Int-5} (You found it on level 5 of the Dungeon)
  4270 | D:5      | Noticed Pikel
  4281 | D:5      | Killed Pikel
  5226 | D:6      | Reached XP level 9. HP: 71/80 MP: 8/8
  5590 | D:7      | Reached ***** piety under Trog
  5843 | D:7      | HP: 3/121 [killer bee (5)]
  5845 | D:7      | Succumbed to a killer bee's poison

Skill      XL: |  1  2  3  4  5  6  7  8  9 |
---------------+----------------------------+-----
Fighting       | 4 5 6 7 8 |  8.0
Armour         | 3 4 5 6 7 |  7.0
Axes           | 4 5 6 8 |  8.6
Dodging        | 3 4 5 6 |  6.5
Bows           | 4 |  4.9

Action                   |  1- 3 |  4- 6 |  7- 9 || total
-------------------------+-------+-------+-------++-------
Melee: Hand axe          |    78 |    99 |   182 ||   359
       Headbutt          |    11 |    22 |    39 ||    72
 Fire: Shortbow          |       |       |    92 ||    92
Invok: Berserk           |     1 |     1 |     3 ||     5
  Use: Scroll            |       |       |     7 ||     7
       Potion            |       |       |     1 ||     1
  Eat: Beef jerky        |     1 |       |       ||     1
       Chunk             |       |     6 |    10 ||    16
       Royal jelly       |       |       |     1 ||     1
Armor: Animal skin       |    16 |     7 |       ||    23
       Ring mail         |       |    22 |    30 ||    52
       Scale mail        |       |       |    40 ||    40
Dodge: Dodged            |    57 |    52 |   136 ||   245
